 Dungeon Crawl Stone Soup version 0.30-a0-222-ge547ba4400 (webtiles) character file.

Game seed: 17133333549512360889

215 Belterius the Chopper (level 5, 0/47 HPs)
             Began as a Minotaur Fighter on Oct 8, 2022.
             Slain by a kobold brigand
             ... wielding a +0 whip
              (3 damage)
             ... in a sewer.
             The game lasted 00:03:55 (2435 turns).

Belterius the Chopper (Minotaur Fighter)            Turns: 2435, Time: 00:03:56

Health: 0/47       AC:  8    Str: 23    XL:     5   Next: 60%
Magic:  4/4        EV:  9    Int:  5    God:
Gold:   135        SH:  4    Dex:  9    Spells: 4/4 levels left

rFire   . . .      SeeInvis .    a - +0 war axe
rCold   . . .      Faith    .    c - +0 buckler
rNeg    . . .      Spirit   .    b - +0 scale mail
rPois   .          Reflect  .    (helmet restricted)
rElec   .          Harm     .    n - +0 cloak
rCorr   .          Rampage  .    (no gloves)
Will    .....                    (no boots)
Stlth   ..........               (no amulet)
HPRegen 0.27/turn                (no ring)
MPRegen 0.09/turn                (no ring)

@: no status effects
A: horns 2, retaliatory headbutt
a: no special abilities


You were in a sewer.
You visited 1 branch of the dungeon, and saw 3 of its levels.
You also visited: Sewer.

You collected 135 gold pieces.

Inventory:

Hand Weapons
 a - a +0 war axe (weapon)
Armour
 b - a +0 scale mail (worn)
 c - a +0 buckler (worn)
 n - a +0 cloak (worn)
Wands
 o - a wand of polymorph (13)
Scrolls
 e - a scroll of enchant weapon {unknown}
 f - a scroll of identify {unknown}
 g - 2 scrolls of teleportation {unknown}
 h - a scroll of acquirement {unknown}
 i - a scroll of poison {unknown}
 j - a scroll of fog {unknown}
 k - 2 scrolls of amnesia {unknown}
 l - a scroll of enchant armour {unknown}
Potions
 d - 2 potions of might
 m - a potion of magic {unknown}


   Skills:
 + Level 4.7 Fighting
 * Level 4.8 Axes
 + Level 4.7 Armour
 + Level 4.7 Shields


You had 4 spell levels left.
You didn't know any spells.
Your spell library contained the following spells:

 Spells                   Type           Power      Damage    Failure   Level
 Apportation              Tloc           0%         N/A       86%         1
 Magic Dart               Conj           0%         1d3       86%         1
 Summon Small Mammal      Summ           0%         N/A       86%         1
 Blink                    Tloc           0%         N/A       94%         2
 Momentum Strike          Conj/Tloc      0%         3d8       94%         2
 Searing Ray              Conj           0%         2d4       94%         2
 Call Canine Familiar     Summ           0%         N/A       99%         3
 Confusing Touch          Hex            0%         N/A       99%         3
 Lesser Beckoning         Tloc           0%         N/A       99%         3
 Summon Guardian Golem    Hex/Summ       0%         N/A       99%         3
 Fulminant Prism          Conj/Hex       0%         3d6       100%        4
 Alistair's Intoxication  Tmut/Pois      0%         N/A       100%        5
 Arcjolt                  Conj/Air       0%         1d10      100%        5
 Conjure Ball Lightning   Conj/Air       0%         3x3d6     100%        6


Dungeon Overview and Level Annotations

Branches:
Dungeon (3/15)              Sewer (1/1)

Altars:

Shops:
D:1 !   D:2 [*(*[

Annotations:
D:3 1 runed translucent door, JustInkie's ghost, amateur VSEn


Innate Abilities, Weirdness & Mutations

You have a pair of horns on your head.
You reflexively headbutt those who attack you in melee.


Message History

The kobold brigand hits you with a +0 whip.
You closely miss the kobold. You barely miss the kobold brigand.
The kobold hits you but does no damage.
The kobold brigand hits you with a +0 whip.
The kobold brigand closely misses you. The kobold hits you but does no damage.
You barely miss the kobold. You barely miss the kobold brigand.
The kobold closely misses you. You furiously retaliate!
You headbutt the kobold!
You kill the kobold!
You block the kobold brigand's attack.
The kobold brigand hits you with a +0 whip.
* * * LOW HITPOINT WARNING * * *
You closely miss the kobold brigand.
The kobold brigand is lightly wounded.
The kobold brigand hits you but does no damage.
The kobold brigand hits you with a +0 whip.
* * * LOW HITPOINT WARNING * * *
You barely miss the kobold brigand.
The kobold brigand is lightly wounded.
The kobold brigand hits you but does no damage. x2
You barely miss the kobold brigand.
The kobold brigand is lightly wounded.
The kobold brigand hits you but does no damage.
You block the kobold brigand's attack.
You completely miss the kobold brigand. You headbutt the kobold brigand!
The kobold brigand is moderately wounded.
You feel yourself speed up.
The kobold brigand hits you with a +0 whip.
* * * LOW HITPOINT WARNING * * *
The kobold brigand hits you with a +0 whip.
* * * LOW HITPOINT WARNING * * *
You barely miss the kobold brigand.
Your headbutt misses the kobold brigand.
The kobold brigand is moderately wounded.
The kobold brigand hits you but does no damage.
You barely miss the kobold brigand.
Your headbutt misses the kobold brigand.
The kobold brigand is moderately wounded.
The kobold brigand hits you with a +0 whip.
You die...

~~~≈≈≈≈≈≈≈
≈~~≈~≈≈≈≈≈≈≈≈≈≈≈≈#≈
≈~~~≈≈≈≈≈≈≈≈≈≈≈≈≈≈
~~~≈≈≈≈≈≈≈≈≈≈≈≈≈≈#
..~~~~≈≈≈≈≈≈≈≈≈≈≈#### ##≈
....~~~~~≈~≈≈~≈~~#..#..#≈
........~~~~~~~~~#.....#≈
................K)....#
..†.............@#)....#≈
##...............#..#.!#≈
####......###..###### ##≈
######...## #### .∩#
##### ###


You could see a kobold brigand.

Vanquished Creatures
  An orc priest (D:3)
  Crazy Yiuf (D:2)
  5 adders
  A river rat (D:3)
  2 worms
  5 dart slugs
  4 orcs (D:3)
  4 bats
  8 endoplasms
  7 giant cockroaches
  6 goblins
  4 hobgoblins
  2 jackals (D:2)
  3 quokkas
  5 ball pythons
  14 kobolds
  11 rats
83 creatures vanquished.

Notes
Turn   | Place    | Note
-------+----------+-------------------------------------------
     0 | D:1      | Belterius the Minotaur Fighter began the quest for the Orb.
     0 | D:1      | Reached XP level 1. HP: 19/19 MP: 0/0
   162 | D:1      | Reached XP level 2. HP: 27/27 MP: 1/1
   377 | D:1      | Reached XP level 3. HP: 33/33 MP: 2/2
   464 | D:1      | Found Danusikh's Distillery.
   556 | D:1      | Found a faded altar of an unknown god.
   700 | D:2      | Found Suxzoskoj's Weapon Emporium.
   701 | D:2      | Found Foafetol's Armour Shoppe.
   787 | D:2      | Found Toepse Gox's General Store.
  1004 | D:2      | Found Cyaxto's Assorted Antiques.
  1107 | D:2      | Reached XP level 4. HP: 31/40 MP: 3/3
  1155 | D:2      | Found a runed translucent door.
  1156 | D:2      | Noticed Crazy Yiuf
  1232 | D:2      | Found Nebriovo's Antique Armour Shop.
  1649 | D:2      | Killed Crazy Yiuf
  2167 | D:3      | Reached XP level 5. HP: 47/47 MP: 4/4
  2196 | D:3      | Got Zuroqul's Lectures on Forceful Hexes
  2234 | D:3      | Found a runed translucent door.
  2234 | D:3      | Noticed JustInkie's ghost (amateur VSEn)
  2370 | D:3      | Found a glowing drain.
  2378 | Sewer    | Entered a sewer
  2433 | Sewer    | HP: 2/47 [kobold brigand/+0 whip (3)]
  2435 | Sewer    | Slain by a kobold brigand

Illustrated notes

Levels and vault maps discovered:
D:1:      dpeg_arrival_solitude, layout_loops_ring, serial_shops,
          nicolae_shop_temple_entry_statues_fountains,
          hellmonk_ecumenical_altar_heavens_door, serial_park_tiny_1
D:2:      layout_basic, serial_co_window_serial, co_window_paths_a,
          co_window_paths_b, co_window_corner_a, co_window_corner_a,
          co_window_corner_a, co_window_broadway_b, co_window_unsneaky_path_b,
          co_window_unsneaky_path_b, co_window_2corner, serial_shops,
          nicolae_shop_overgrown_old_shop, nicolae_shop_stone,
          nicolae_shop_behind_doors, nicolae_shop_hallway_stairs,
          nicolae_shop_window_shopping, uniq_crazy_yiuf_cottage
D:3:      minmay_wonky_spiral, layout_loops_ring, gup_sewer_entry_bubbles,
          ebering_ghost_reflecting_pool, st_stairs_2, kennysheep_generic_room_10
Sewer:    sewer_minmay_treatment

Skill      XL: |  1  2  3  4 |
---------------+-------------+-----
Axes           | 3 4 |  4.8
Fighting       | 4 |  4.7
Armour         | 4 |  4.7
Shields        | 4 |  4.7

Action                   |  1- 3 |  4- 6 || total
-------------------------+-------+-------++-------
Melee: War axe           |    79 |    93 ||   172
       Headbutt          |     7 |    14 ||    21
 Stab: Invisible         |       |     1 ||     1
Armor: Scale mail        |    39 |    42 ||    81
Dodge: Dodged            |    25 |    34 ||    59
Block: Buckler           |    14 |    19 ||    33

Table legend: (Time is in decaauts)
 A = Elapsed time spent in this place.
 B = Non-inter-level travel time spent in this place.
 C = Inter-level travel time spent in this place.
 D = Time resting spent in this place.
 E = Time spent auto-exploring this place.
 F = Levels seen in this place.
 G = Mean time per level.
                   A        B        C        D        E       F      G
               +--------+--------+--------+--------+--------+-----+--------+
         Total |   2501 |   2445 |     56 |    293 |   1650 |   4 |  625.2 |
       Dungeon |   2432 |   2376 |     56 |    293 |   1619 |   3 |  810.7 |
         Sewer |     69 |     69 |      0 |      0 |     31 |   1 |   69.0 |
               +--------+--------+--------+--------+--------+-----+--------+

Top non-repeatable levels by time:
     D:2: 1343 daAuts
     D:1: 683 daAuts
     D:3: 405 daAuts
   Sewer: 69 daAuts
